 Dungeon Crawl Stone Soup version 0.30.1-11-g7821555f0a (webtiles) character file.

Game seed: 1546316176326584139

16 monsoonserge the Grasshopper (level 2, -1/22 HPs)
             Began as a Demonspawn Warper on Jan 4, 2024.
             Slain by a gnoll
             ... wielding a +0 club
              (7 damage)
             ... on level 1 of the Dungeon.
             The game lasted 00:01:28 (461 turns).

monsoonserge the Grasshopper (Demonspawn Warper)     Turns: 461, Time: 00:01:29

Health: -1/22      AC:  5    Str: 11    XL:     2   Next: 41%
Magic:  3/5        EV: 12    Int: 14    God:
Gold:   48         SH:  0    Dex: 12    Spells: 3/5 levels left

rFire   . . .        a - +0 falchion
rCold   . . .        (no shield)
rNeg    . . .        h - +0 ring mail
rPois   .            (no helmet)
rElec   .            (no cloak)
rCorr   .            (no gloves)
SInv    .            (no boots)
Will    .....        (no amulet)
Stlth   +            (no ring)
HPRegen 0.23/turn    (no ring)
MPRegen 0.09/turn

%: no passive effects
@: on blink cooldown
A: repulsion field 1
a: no special abilities


You were on level 1 of the Dungeon.
You visited 1 branch of the dungeon, and saw 1 of its levels.

You collected 48 gold pieces.

Inventory:

Hand Weapons
 a - a +0 falchion (weapon)
Missiles
 d - 7 boomerangs of dispersal (quivered)
Armour
 b - a +0 leather armour
 h - a +0 ring mail (worn)
Scrolls
 c - a scroll of blinking
 f - a scroll of identify {unknown}
 j - a scroll of magic mapping {unknown}
Potions
 e - 2 potions of curing {unknown}
 g - 2 potions of ambrosia {unknown}
 i - a potion of mutation {unknown}


   Skills:
 + Level 2.1 Fighting
 + Level 2.0 Long Blades
 + Level 1.1 Throwing
 + Level 1.1 Armour
 + Level 1.9 Dodging
 + Level 2.1 Spellcasting
 + Level 2.8 Translocations


You had 3 spell levels left.
You knew the following spells:

 Your Spells              Type           Power      Damage    Failure   Level
a - Blink                 Tloc           18%        N/A       26%         2

Your spell library contained the following spells:

 Spells                   Type           Power      Damage    Failure   Level
 Lesser Beckoning         Tloc           18%        N/A       26%         2
 Teleport Other           Tloc           9%         N/A       45%         3
 Vhi's Electric Charge    Tloc/Air       10%        N/A       67%         3
 Manifold Assault         Tloc           9%         N/A       86%         4


Dungeon Overview and Level Annotations

Branches:
Dungeon (1/15)

Altars:


Innate Abilities, Weirdness & Mutations

You are surrounded by a mild repulsion field. (EV +2)


Message History

You now have 48 gold pieces (gained 11).
g - 2 amethyst potions (gained 1)
e - 2 grey potions (gained 1)
i - a blue potion
j - a scroll labelled JINESEUCS
There are no items here.
A giant cockroach comes into view.
You closely miss the giant cockroach.
The giant cockroach bites you but does no damage.
You barely miss the giant cockroach. The giant cockroach closely misses you.
The giant cockroach bites you but does no damage.
You hit the giant cockroach.
You kill the giant cockroach!
A gnoll comes into view. It is wielding a +0 club.
The gnoll shouts!
The gnoll hits you with a +0 club.
You barely miss the gnoll. The gnoll completely misses you.
The gnoll hits you with a +0 club.
You hit the gnoll but do no damage. The gnoll hits you with a +0 club.
You closely miss the gnoll. The gnoll barely misses you.
You barely miss the gnoll. The gnoll hits you with a +0 club.
You hit the gnoll but do no damage. The gnoll barely misses you.
You closely miss the gnoll. The gnoll hits you with a +0 club. x2
* * * LOW HITPOINT WARNING * * *
Casting: Blink (quite dangerous; 26% risk of failure)
Confirm with . or Enter, or press ? or * to list all spells.
The spell is quite dangerous to miscast (26% risk of failure)!
Continue anyway?
Okay, then.
Casting: Blink (quite dangerous; 26% risk of failure)
Confirm with . or Enter, or press ? or * to list all spells.
The spell is quite dangerous to miscast (26% risk of failure)!
Continue anyway?
You blink.
The gnoll hits you but does no damage.
You closely miss the gnoll. The gnoll hits you but does no damage.
You hit the gnoll.
The gnoll is lightly wounded.
The gnoll hits you but does no damage.
You hit the gnoll.
The gnoll is heavily wounded.
The gnoll hits you with a +0 club!
You die...

#.####################
.........@g............# ~~≈≈
.~##################...# .~~~~
~... ...............## .~...
...############.######.### ....#
#......... ##.### #...#
....###..........# #....# ###.#
....#............###....######.#
...............................#
.....†.........................##


You could see a gnoll.

Vanquished Creatures
  A dart slug (D:1)
  An endoplasm (D:1)
  A giant cockroach (D:1)
  4 hobgoblins (D:1)
  2 bats (D:1)
  A goblin (D:1)
  A kobold (D:1)
  4 rats (D:1)
15 creatures vanquished.

Notes
Turn   | Place    | Note
-------+----------+-------------------------------------------
     0 | D:1      | monsoonserge the Demonspawn Warper began the quest for the
                  | Orb.
     0 | D:1      | Reached XP level 1. HP: 16/16 MP: 3/3
    99 | D:1      | Reached skill level 1 in Armour
   159 | D:1      | Reached skill level 1 in Throwing
   261 | D:1      | Gained mutation: You are surrounded by a mild repulsion
                  | field. (EV +2) [demonic ancestry]
   261 | D:1      | Reached XP level 2. HP: 22/22 MP: 5/5
   311 | D:1      | Learned a level 2 spell: Blink
   461 | D:1      | Slain by a gnoll

Illustrated notes

Levels and vault maps discovered:
D:1:      dpeg_arrival_castle, layout_rooms, chequers_ecumenical_altar_island,
          hangedman_glass_teeth, st_stairs_4

Skill      XL: |  1  2 |
---------------+-------+-----
Armour         | 1 |  1.1
Throwing       | 1 |  1.1
Long Blades    | 2 |  2.0
Fighting       | |  2.1
Dodging        | |  1.9
Spellcasting   | |  2.1
Translocations | |  2.8

Action                     || total
---------------------------++-------
  Melee: Falchion          ||    75
   Cast: Blink             ||     1
 Armour: Leather armour    ||    21
         Ring mail         ||    11
  Dodge: Dodged            ||    54
